 Dungeon Crawl Stone Soup version 0.29.1-2-gbd0b4ee654 (webtiles) character file.

Game seed: 17418026745248595414

48 Icepheonix32 the Trooper (level 3, 0/33 HPs)
             Began as a Minotaur Fighter on Oct 27, 2022.
             Slain by a gnoll
             ... wielding a +0 halberd
              (2 damage)
             ... on level 2 of the Dungeon.
             The game lasted 00:00:43 (947 turns).

Icepheonix32 the Trooper (Minotaur Fighter)          Turns: 947, Time: 00:00:44

Health: 0/33       AC:  7    Str: 20    XL:     3   Next: 50%
Magic:  2/2        EV:  9    Int:  7    God:
Gold:   99         SH:  4    Dex:  9    Spells: 2/2 levels left

rFire   . . .      SeeInvis .   a - +0 war axe
rCold   . . .      Faith    .   c - +0 buckler
rNeg    . . .      Spirit   .   b - +0 scale mail
rPois   .          Reflect  .   (helmet restricted)
rElec   .          Harm     .   (no cloak)
rCorr   .          Rampage  .   (no gloves)
Will    .....                   (no boots)
Stlth   ..........              (no amulet)
HPRegen 0.11/turn               (no ring)
MPRegen 0.08/turn               (no ring)

@: brilliant
A: horns 2, retaliatory headbutt
a: no special abilities


You were on level 2 of the Dungeon.
You visited 1 branch of the dungeon, and saw 2 of its levels.

You collected 99 gold pieces.

Inventory:

Hand Weapons
 a - a +0 war axe (weapon)
Armour
 b - a +0 scale mail (worn)
 c - a +0 buckler (worn)
Wands
 k - a wand of roots (9)
Scrolls
 e - 2 scrolls of enchant weapon {unknown}
 g - 2 scrolls of identify {unknown}
 i - a scroll of fear {unknown}
Potions
 d - a potion of might
 f - a potion of curing {unknown}
 j - a potion of resistance {unknown}


   Skills:
 * Level 4.2 Fighting
 + Level 3.5 Axes
 + Level 3.8 Armour
 + Level 0.2 Dodging
 + Level 4.1 Shields


You had 2 spell levels left.
You didn't know any spells.
Your spell library was empty.

Dungeon Overview and Level Annotations

Branches:
Dungeon (2/15)

Altars:


Innate Abilities, Weirdness & Mutations

You have a pair of horns on your head.
You reflexively headbutt those who attack you in melee.


Message History

No target in view!
No target in view!
No target in view!
A gnoll comes into view. It is wielding a +0 halberd.
The gnoll shouts!
You hear a shout!
An endoplasm comes into view.
There are monsters nearby!
The endoplasm quivers.
A gnoll comes into view. It is wielding a +0 spear.
Found a book of Death.
A gnoll comes into view. It is wielding a +0 spear.
A gnoll comes into view. It is wielding a +0 spear.
The gnoll shouts! x2
The gnoll closely misses you.
You barely miss the gnoll. Your headbutt misses the gnoll.
You slash the endoplasm!
You kill the endoplasm!
You barely miss the gnoll. The gnoll barely misses you.
You furiously retaliate!
You headbutt the gnoll.
The gnoll hits you from afar with a +0 spear.
The gnoll hits you but does no damage. The gnoll hits you with a +0 halberd.
You hit the gnoll but do no damage.
You headbutt the gnoll, but do no damage.
The gnoll is heavily wounded.
A kobold comes into view. It is wielding a +0 short sword.
The gnoll barely misses you. You furiously retaliate!
You headbutt the gnoll.
The gnoll hits you from afar with a +0 spear.
You hit the gnoll but do no damage.
The gnoll is severely wounded.
You block the gnoll's attack. The gnoll hits you with a +0 halberd!
The gnoll hits you from afar with a +0 spear.
* * * LOW HITPOINT WARNING * * *
The gnoll hits you but does no damage. x2; The gnoll barely misses you.
The gnoll hits you with a +0 halberd!
* * * LOW HITPOINT WARNING * * *
The gnoll closely misses you.
It was a potion of brilliance.
You feel clever all of a sudden. The gnoll hits you with a +0 halberd.
You die...

...........................
...#............####.....#.
.. #.....####...# #.....#.
. #.....###....# #.....#.
#............# #.......
.............######.#...
......................#.
.....g....###...........
.....g.@....#......#.##.
...K.g.g....#......#....
.:..........#......#....
....#.###...#...........
... #. #####........... ..
.. ..####.###### . .. ..
... ...


You could see 4 gnolls and a kobold.

Vanquished Creatures
  3 dart slugs (D:1)
  2 ball pythons (D:1)
  7 bats (D:1)
  3 endoplasms
  2 giant cockroaches (D:1)
  A goblin (D:1)
  5 hobgoblins (D:1)
  4 jackals (D:1)
  4 kobolds (D:1)
  4 frilled lizards (D:1)
  3 rats (D:1)
38 creatures vanquished.

Notes
Turn   | Place    | Note
-------+----------+-------------------------------------------
     0 | D:1      | Icepheonix32 the Minotaur Fighter began the quest for the
                  | Orb.
     0 | D:1      | Reached XP level 1. HP: 19/19 MP: 0/0
    92 | D:1      | Reached XP level 2. HP: 17/27 MP: 1/1
   489 | D:1      | Reached XP level 3. HP: 33/33 MP: 2/2
   947 | D:2      | Slain by a gnoll

Illustrated notes

Levels and vault maps discovered:
D:1:      minmay_arrival_checkered_box, layout_loops_ring,
          hangedman_decor_clover_reticule
D:2:      layout_basic, basic_ecumenical_altar

Skill      XL: |  1  2 |
---------------+-------+-----
Fighting       | 4 |  4.2
Shields        | 4 |  4.1
Axes           | 3 |  3.5
Armour         | |  3.8
Dodging        | |  0.2

Action                   || total
-------------------------++-------
Melee: War axe           ||    81
       Headbutt          ||     6
  Use: Potion            ||     1
Armor: Scale mail        ||    35
Dodge: Dodged            ||    49
Block: Buckler           ||    27
